Map: Blackburn LE

Players

SpeCial - Winner!

  • Race: Terran Terran
  • League: Master

Scarlett

  • Race: Zerg Zerg
  • League: Master

Event: DreamHack SC2 Masters Last Chance 2022

VOD

Have the link to the VOD?

Description

Time

  • Played on: Dec. 19, 2021, 7:45 p.m.
  • Length: 22:09

All games in this series

Show
View Real Time Build Order
Export as new Build Order

SpeCial Terran - Winner!

Build Orders:  

Get SALT Encoding   

  12  0:00  SCV  
  13  0:12  SCV  
  14  0:17  Supply Depot  
  14  0:24  SCV  
  15  0:39  SCV  
  15  0:41  Barracks  
  16  0:43  Refinery  
  16  0:51  SCV  
  17  1:03  SCV  
  18  1:15  SCV  
  19  1:28  Orbital Command  
  19  1:42  Command Center  
  19  1:43  Marine  
  20  1:52  Factory  
  20  1:55  SCV  
  21  2:03  Barracks Reactor  
  21  2:07  SCV  
  22  2:11  Supply Depot  
  22  2:19  SCV  
  22  2:20  Refinery  
  23  2:33  SCV  
  24  2:39  Starport  
  24  2:44  Hellion  
  26  2:45  Hellion, SCV  
  26  2:46  Marine  
  30  2:57  SCV, Orbital Command  
  33  3:05  Widow Mine  
  33  3:07  Widow Mine, Marine  
  33  3:11  SCV  
  37  3:17  Supply Depot  
  37  3:21  Medivac  
  37  3:26  SCV x2  
  41  3:30  Widow Mine  
  41  3:33  Widow Mine  
  45  3:40  Armory  
  45  3:42  SCV x2  
  47  3:50  Barracks Tech Lab  
  47  3:51  Supply Depot  
  47  3:52  Hellion  
  49  3:58  SCV x2  
  51  4:10  SCV x2  
  51  4:12  Liberator  
  51  4:13  Supply Depot  
  56  4:21  Hellion x2  
  56  4:22  SCV x2  
  62  4:34  SCV x2  
  62  4:40  Command Center  
  62  4:46  SCV  
  62  4:47  SCV  
  64  4:53  Factory, Refinery  
  64  4:58  SCV  
  64  4:59  SCV  
  64  5:08  Widow Mine, Drilling Claws  
  64  5:10  SCV  
  64  5:11  SCV, Refinery  
  64  5:12  Supply Depot  
  64  5:13  Medivac  
  66  5:22  SCV  
  66  5:23  SCV  
  68  5:28  Terran Vehicle Weapons Level 1  
  68  5:30  Widow Mine  
  68  5:35  Supply Depot, SCV x2  
  72  5:38  Widow Mine  
  72  5:39  Widow Mine  
  76  5:47  SCV x2  
  76  5:49  Barracks Tech Lab  
  78  5:53  Factory  
  78  5:58  Command Center  
  78  5:59  Widow Mine, SCV x2, Supply Depot  
  78  6:00  Widow Mine x2  
  86  6:05  Medivac  
  86  6:11  SCV x2  
  89  6:15  Supply Depot  
  89  6:17  Orbital Command  
  90  6:20  Refinery  
  90  6:21  Refinery  
  90  6:23  SCV x2  
  90  6:25  Widow Mine x2  
  96  6:26  Widow Mine  
  96  6:35  SCV x2  
  91  6:44  Factory, SCV  
  91  6:46  Factory  
  90  6:47  SCV  
  90  6:48  SCV  
  96  6:55  Widow Mine x2  
  96  6:56  Medivac  
  96  6:57  SCV, Thor  
  96  6:59  SCV  
  96  7:00  SCV  
  107  7:09  Engineering Bay  
  107  7:10  SCV  
  107  7:11  SCV  
  107  7:12  SCV  
  107  7:13  Thor  
  116  7:16  Widow Mine  
  116  7:17  Widow Mine  
  116  7:21  Supply Depot  
  121  7:22  SCV  
  121  7:23  SCV  
  121  7:24  SCV  
  121  7:26  Terran Vehicle Weapons Level 2  
  123  7:30  Factory Reactor  
  123  7:31  Factory Tech Lab  
  123  7:35  SCV  
  123  7:36  SCV  
  123  7:38  Hellion x2, Missile Turret x2  
  123  7:39  Planetary Fortress  
  123  7:41  SCV  
  123  7:42  Missile Turret  
  128  7:47  SCV  
  129  7:51  SCV  
  129  7:53  SCV, Thor  
  129  7:58  Missile Turret  
  135  7:59  Hellion x2, SCV  
  135  8:01  Refinery  
  135  8:03  Refinery  
  135  8:04  Armory  
  138  8:17  Thor  
  136  8:20  Widow Mine x2  
  136  8:25  Supply Depot  
  136  8:26  Supply Depot  
  144  8:27  Widow Mine x2  
  144  8:31  Supply Depot  
  144  8:32  Supply Depot  
  144  8:33  SCV x2  
  146  8:37  Supply Depot  
  146  8:38  Supply Depot  
  146  8:43  Command Center  
  146  8:47  Thor x2  
  162  8:48  Hellion x2  
  162  8:52  Infernal Pre-Igniter  
  160  9:07  Hellion x2  
  160  9:09  Supply Depot  
  168  9:10  Hellion x2, SCV  
  168  9:11  SCV, Sensor Tower  
  168  9:12  Missile Turret  
  168  9:15  SCV  
  171  9:17  Missile Turret  
  171  9:21  Missile Turret, Terran Vehicle And Ship Armor Level 1  
  171  9:23  SCV x2  
  173  9:28  Thor  
  173  9:30  Hellion  
  181  9:34  Hellion x2  
  185  9:44  Barracks  
  163  9:47  Siege Tank x2  
  163  9:48  Hellion, Mag-Field Accelerator  
  163  9:51  Hellion  
  165  10:01  Terran Vehicle Weapons Level 3  
  165  10:08  Hellion  
  165  10:10  Hellion  
  165  10:11  Siege Tank  
  165  10:14  Missile Turret  
  170  10:15  Missile Turret  
  170  10:17  Hellion x2  
  170  10:18  Missile Turret  
  170  10:19  Siege Tank x2  
  178  10:22  SCV x2  
  179  10:30  Missile Turret  
  179  10:40  Hellion x2, Planetary Fortress  
  179  10:41  Hellion  
  179  10:43  Siege Tank  
  182  10:51  Siege Tank  
  182  10:52  Missile Turret, Siege Tank  
  182  10:54  Missile Turret  
  188  11:00  Hellion  
  188  11:01  Hellion  
  190  11:04  Hellion  
  191  11:15  Siege Tank  
  191  11:17  Factory  
  194  11:20  Factory  
  194  11:21  Factory  
  194  11:22  Hellion  
  194  11:23  Hellion  
  194  11:24  Siege Tank, Cyclone  
  194  11:26  Hellion  
  194  11:28  SCV x3  
  194  11:30  Terran Vehicle And Ship Armor Level 2  
  197  11:40  Hellion  
  195  11:48  Hellion  
  195  11:50  Cyclone  
  192  11:54  Hellion  
  192  11:56  Cyclone x2  
  192  12:00  Hellion, Refinery x2  
  198  12:02  Hellion  
  198  12:07  Hellion  
  196  12:09  Hellion  
  196  12:22  Siege Tank  
  191  12:24  Hellion  
  191  12:28  Cyclone x2  
  191  12:29  Hellion  
  175  12:32  SCV x2  
  175  12:34  Factory Tech Lab  
  175  12:35  Hellion, Factory Tech Lab  
  141  12:48  Hellion  
  141  12:49  Hellion  
  141  12:51  Hellion, Factory Tech Lab  
  143  12:54  Siege Tank  
  143  12:57  Hellion  
  148  13:00  Missile Turret, Cyclone x2  
  148  13:03  Missile Turret, Starport Reactor  
  148  13:04  Hellion, Command Center x2  
  148  13:05  Command Center  
  156  13:07  Siege Tank  
  156  13:10  Hellion x2  
  156  13:12  Hellion  
  165  13:18  Hellion  
  167  13:24  Cyclone  
  167  13:26  Siege Tank  
  167  13:27  Cyclone  
  176  13:31  Widow Mine  
  176  13:32  Widow Mine  
  176  13:33  Widow Mine  
  179  13:40  Widow Mine  
  179  13:45  Cyclone x2  
  179  13:46  Siege Tank  
  185  13:53  Hellion x2  
  185  13:54  SCV x3  
  185  13:55  Hellion  
  177  13:57  Hellion  
  177  13:58  Widow Mine  
  177  14:01  Hellion  
  157  14:06  Hellion  
  148  14:16  Hellion x3  
  154  14:17  Cyclone  
  154  14:18  Siege Tank, Cyclone  
  154  14:22  Hellion  
  154  14:23  Orbital Command  
  165  14:30  Smart Servos  
  165  14:34  Siege Tank x2  
  169  14:42  Terran Vehicle And Ship Armor Level 3  
  169  14:48  Orbital Command  
  169  14:51  Hellion x2  
  173  14:56  Siege Tank  
  173  14:58  Siege Tank  
  173  14:59  Hellion  
  179  15:01  Hellion  
  179  15:04  Viking  
  183  15:08  Viking  
  185  15:19  Missile Turret  
  185  15:22  Siege Tank x2  
  185  15:26  Hellion  
  177  15:29  Siege Tank  
  177  15:31  Hellion  
  182  15:40  Hellion, Cyclone  
  186  15:43  Hellion, Cyclone x2  
  186  15:48  Missile Turret  
  194  15:53  Hellion  
  194  15:55  Hellion  
  176  16:04  Hellion, Cyclone x2  
  176  16:05  Cyclone  
  176  16:07  Liberator  
  184  16:11  Orbital Command  
  184  16:12  Liberator  
  184  16:18  Missile Turret  
  187  16:27  Hellion, Cyclone  
  187  16:28  Cyclone  
  182  16:33  Hellion  
  182  16:37  Hellion, Cyclone x2  
  179  16:42  Hellion, Cyclone  
  175  16:51  Hellion x2  
  176  16:54  Hellion  
  176  16:55  SCV x2  
  176  16:59  Cyclone  
  176  17:00  Cyclone  
  184  17:07  Hellion x2  
  174  17:09  Cyclone x2  
  174  17:12  Hellion, Cyclone  
  174  17:14  Liberator, Cyclone  
  191  17:17  Liberator, SCV  
  191  17:18  SCV  
  196  17:32  Widow Mine x2  
  198  17:46  Command Center  
  198  17:49  Widow Mine  
  196  17:51  Hellion  
  185  17:58  Siege Tank x2  
  185  17:59  Hellion x2  
  185  18:04  Hellion x2  
  195  18:06  Liberator  
  195  18:12  Hellion  
  192  18:15  Hellion, Cyclone  
  197  18:20  Hellion  
  192  18:28  Cyclone x2  
  192  18:31  Hellion x2, Cyclone x2  
  187  18:41  Cyclone  
  187  18:46  Widow Mine x2  
  187  18:47  Cyclone  
  197  18:52  Hellion  
  199  18:59  Hellion  
  199  19:00  Siege Tank  
  193  19:05  Cyclone  
  193  19:08  Hellion, Cyclone x2  
  180  19:14  Hellion, Cyclone  
  185  19:19  Cyclone  
  183  19:26  Hellion  
  182  19:33  Hellion, Cyclone  
  182  19:35  Missile Turret  
  182  19:37  Hellion, Cyclone  
  174  19:40  Cyclone x2  
  174  19:41  Hellion  
  167  19:46  Cyclone  
  167  19:49  Hellion  
  167  19:50  Liberator x2  
  167  19:51  Cyclone  
  178  19:54  Hellion  
  178  20:00  Missile Turret x2  
  178  20:05  Cyclone  
  174  20:09  Cyclone  
  174  20:12  Siege Tank, Cyclone  
  174  20:13  Hellion, SCV  
  174  20:14  SCV x3  
  184  20:18  Siege Tank  
  184  20:23  Siege Tank  
  184  20:27  Widow Mine x3  
  193  20:35  Hellion  
  177  20:37  Siege Tank  
  177  20:41  Siege Tank  
  158  20:44  Siege Tank, Cyclone  
  158  20:48  Hellion  
  158  20:49  Hellion  
  162  20:50  Cyclone  
  162  20:52  Hellion  
  162  20:56  Siege Tank  
  164  20:59  Hellion  
  164  21:09  Siege Tank  
  164  21:10  Liberator x2, Hellion  
  165  21:15  Siege Tank  
  165  21:18  Hellion  
  168  21:22  Hellion  
  168  21:23  Siege Tank  
  168  21:24  Cyclone  
  172  21:26  Hellion  
  172  21:27  Hellion  
  171  21:43  Hellion  
  171  21:44  Hellion, Missile Turret  
Show
View Real Time Build Order
Export as new Build Order

Scarlett Zerg 

Build Orders: Hatch First 

Get SALT Encoding   

  12  0:00  Drone  
  13  0:12  Overlord  
  13  0:17  Drone  
  14  0:30  Drone x2  
  16  0:47  Hatchery  
  15  0:51  Drone  
  15  0:54  Drone  
  17  0:58  Drone  
  18  1:07  Extractor  
  17  1:13  Spawning Pool  
  17  1:16  Drone  
  17  1:19  Drone  
  18  1:27  Drone  
  19  1:40  Drone  
  20  1:52  Drone  
  21  2:00  Queen x2  
  25  2:01  Zergling x4  
  27  2:13  Drone, Overlord  
  28  2:24  Hatchery  
  28  2:28  Drone  
  28  2:33  Drone x2  
  28  2:35  Drone  
  31  2:40  Metabolic Boost  
  31  2:44  Queen  
  31  2:50  Overlord  
  33  2:55  Drone x2  
  33  2:57  Drone  
  36  3:08  Overlord  
  36  3:09  Drone x3  
  39  3:13  Drone  
  39  3:17  Queen  
  39  3:18  Drone  
  43  3:27  Drone  
  43  3:29  Queen  
  43  3:30  Drone  
  47  3:35  Queen  
  47  3:36  Zergling x2  
  47  3:37  Zergling x2  
  51  3:44  Zergling x4  
  51  3:45  Drone x3  
  55  3:49  Overlord  
  55  3:55  Drone x2  
  57  3:57  Overlord  
  57  3:58  Overlord  
  57  4:07  Queen, Overlord  
  59  4:12  Queen  
  61  4:20  Drone  
  61  4:22  Baneling Nest  
  61  4:27  Drone x5  
  65  4:32  Spore Crawler  
  62  4:39  Spore Crawler  
  62  4:40  Spore Crawler  
  62  4:42  Drone x2  
  62  4:49  Zergling x8  
  66  4:54  Drone  
  66  4:55  Drone x3  
  59  5:07  Drone x5  
  59  5:12  Drone x2  
  64  5:16  Drone x2  
  64  5:18  Drone  
  67  5:26  Drone x5  
  72  5:32  Drone x4  
  76  5:37  Overlord  
  76  5:38  Drone x2  
  76  5:41  Drone x2  
  80  5:46  Lair  
  80  5:50  Extractor x2  
  80  5:51  Drone, Overlord  
  80  5:52  Drone  
  80  5:58  Drone x5  
  80  6:01  Extractor  
  80  6:02  Drone, Overlord  
  80  6:03  Extractor x2  
  83  6:04  Drone x2  
  83  6:07  Drone  
  83  6:09  Drone x3  
  89  6:14  Overlord  
  89  6:19  Drone x3  
  92  6:27  Zergling x4  
  87  6:34  Drone x2  
  87  6:35  Drone x3  
  87  6:37  Drone x3  
  88  6:40  Drone  
  88  6:41  Drone x3  
  92  6:47  Spire  
  92  6:48  Overseer  
  92  6:50  Overlord  
  91  6:55  Drone x3  
  95  7:01  Drone  
  95  7:02  Drone  
  95  7:03  Evolution Chamber  
  95  7:10  Hatchery  
  94  7:16  Overlord  
  94  7:18  Centrifugal Hooks  
  94  7:19  Drone x5  
  99  7:31  Drone x2  
  99  7:32  Drone  
  99  7:34  Zerg Melee Weapons Level 1  
  102  7:40  Drone x4  
  102  7:43  Spore Crawler  
  102  7:55  Roach Warren  
  102  7:56  Evolution Chamber  
  99  8:07  Mutalisk x10  
  99  8:08  Mutalisk x3  
  125  8:15  Drone x4  
  108  8:23  Zerg Flyer Weapons Level 1, Drone x4  
  112  8:27  Pneumatized Carapace  
  113  8:34  Drone x10  
  113  8:38  Drone  
  113  8:39  Glial Reconstitution  
  113  8:40  Zerg Missile Weapons Level 1  
  123  8:43  Roach  
  123  8:44  Roach  
  123  8:45  Roach  
  123  8:54  Drone  
  123  8:55  Drone x5  
  129  9:05  Overseer  
  129  9:06  Roach x3  
  129  9:07  Overlord x3  
  135  9:12  Extractor  
  135  9:13  Extractor  
  135  9:14  Hatchery  
  135  9:16  Drone x2  
  135  9:17  Drone, Overlord  
  135  9:21  Infestation Pit  
  132  9:25  Drone x3  
  132  9:29  Overlord x2  
  132  9:30  Zerg Melee Weapons Level 2  
  135  9:37  Spore Crawler  
  134  9:41  Roach x6  
  137  9:49  Drone x7  
  142  9:55  Ravager  
  142  9:56  Ravager x5  
  142  9:57  Drone x3  
  153  10:00  Roach x3  
  153  10:04  Overlord x2  
  157  10:14  Hive  
  167  10:21  Roach x8  
  167  10:22  Overlord  
  167  10:23  Overlord  
  173  10:35  Baneling x5  
  173  10:40  Ravager x6  
  179  10:43  Drone x2  
  179  10:44  Drone  
  179  10:45  Drone x3  
  185  10:54  Extractor x2  
  183  10:59  Overlord  
  183  11:00  Drone  
  183  11:01  Zerg Missile Weapons Level 2, Spine Crawler x2  
  182  11:07  Drone x2  
  182  11:08  Drone x4  
  182  11:10  Drone x2, Spore Crawler  
  182  11:11  Spine Crawler x2  
  187  11:23  Zergling x20, Roach x3  
  192  11:28  Adrenal Glands  
  191  11:35  Zergling x22  
  199  11:43  Extractor  
  199  11:44  Hatchery  
  199  11:45  Zergling x26  
  199  11:46  Extractor  
  197  11:51  Zergling x6  
  194  11:56  Baneling x18  
  194  11:59  Zergling x6, Roach  
  193  12:02  Ravager x5  
  188  12:27  Roach x9  
  188  12:28  Roach  
  166  12:31  Zergling x2, Roach x3  
  166  12:32  Zergling x2, Roach x3  
  148  12:46  Drone  
  148  12:47  Drone x2  
  148  12:48  Drone x5  
  156  12:52  Hatchery  
  156  12:53  Ravager x5  
  156  12:54  Ravager x6  
  156  12:55  Ravager x2  
  168  12:59  Drone  
  168  13:00  Drone x3  
  168  13:01  Drone  
  168  13:02  Drone  
  168  13:04  Overseer  
  174  13:09  Pathogen Glands  
  174  13:10  Burrow  
  174  13:14  Zerg Melee Weapons Level 3  
  173  13:25  Spine Crawler  
  173  13:26  Spine Crawler  
  170  13:32  Zergling x36  
  188  13:40  Infestor  
  188  13:41  Infestor x3  
  192  13:43  Zergling x12  
  183  13:56  Roach x11  
  193  14:10  Roach x2  
  193  14:15  Drone  
  193  14:16  Drone  
  197  14:17  Zerg Missile Weapons Level 3  
  197  14:20  Ravager x2  
  197  14:21  Extractor  
  197  14:22  Baneling, Extractor  
  197  14:23  Baneling x8  
  195  14:32  Baneling  
  195  14:33  Ravager x2, Baneling x6  
  195  14:34  Ravager  
  192  14:42  Neural Parasite  
  192  14:53  Infestor x4  
  187  15:09  Ravager x8  
  194  15:27  Zergling x10, Roach x4  
  194  15:28  Zergling x6  
  185  15:58  Drone x4  
  185  16:02  Hatchery  
  179  16:05  Infestor x2  
  179  16:07  Ravager x3  
  186  16:19  Zergling x18  
  145  16:41  Infestor x2  
  145  16:42  Roach x6  
  158  16:49  Drone x3  
  158  16:50  Drone x2  
  163  16:57  Drone  
  163  16:58  Drone x9  
  173  17:06  Roach x2  
  173  17:07  Roach x6  
  168  17:10  Ravager x6  
  170  17:16  Zerg Ground Armor Level 1  
  170  17:18  Greater Spire  
  170  17:19  Spore Crawler  
  170  17:20  Spore Crawler  
  166  17:24  Drone x3  
  163  17:30  Infestor x2  
  163  17:32  Zergling x14, Roach x5  
  178  17:39  Ravager  
  178  17:40  Ravager x5  
  178  17:42  Spore Crawler  
  177  17:45  Drone x3  
  177  17:49  Roach x6  
  182  17:54  Roach x5  
  181  18:11  Zergling x8, Roach  
  181  18:12  Zergling x4  
  188  18:18  Ravager x11  
  188  18:19  Ravager x4, Zergling x2  
  194  18:20  Zergling x6  
  179  18:29  Roach x4  
  179  18:32  Roach  
  179  18:33  Roach x2  
  145  18:49  Ravager x5  
  145  18:50  Zergling x2, Roach x6  
  145  18:51  Zergling x6  
  145  18:54  Baneling x13  
  165  18:56  Ravager x3  
  165  18:59  Infestor x5  
  165  19:01  Drone x2  
  163  19:09  Drone x4  
  158  19:11  Queen  
  160  19:24  Roach x9  
  160  19:30  Drone x2  
  161  19:37  Roach x5  
  147  19:46  Ravager x9  
  147  19:47  Infestor x3  
  147  19:52  Zergling x14  
  169  20:03  Infestor  
  169  20:14  Zergling x24  
  176  20:15  Ravager x4  
  176  20:16  Zergling x2  
  176  20:18  Infestor x4  
  176  20:19  Infestor x2  
  181  20:26  Roach x5  
  170  20:41  Roach  
  170  20:42  Zergling x4, Roach x5  
  137  20:56  Roach x9  
  141  20:59  Ravager x5  
  146  21:10  Roach x7  
  143  21:12  Ravager x3  
  143  21:13  Ravager x3  
  143  21:17  Hatchery  
  145  21:19  Roach x6  
  145  21:20  Ravager x8  
  145  21:21  Zergling x2  
  165  21:28  Zergling x2  
  165  21:29  Zergling x8  
  165  21:34  Zergling x2  
  152  21:42  Zergling x8  

Tags
 
Add a new tag
Caveats
  • Supply blocks, unpowered buildings, or Contaminate may cause inaccurate times.
  • Supply counts are checked every 10 seconds.